 Dungeon Crawl Stone Soup version 0.30.1-9-gdf580d7c3d (webtiles) character file.

Game seed: 11848815184589687767

30034 Ijustatesigmund the Geomancer (level 13, -1/114 HPs)
             Began as a Gargoyle Earth Elementalist on Oct 13, 2023.
             Was a High Priest of Vehumet.
             Slain by a tengu warrior
             ... wielding a +0 war axe
              (7 damage)
             ... on level 14 of the Dungeon.
             The game lasted 00:35:29 (15001 turns).

Ijustatesigmund the Geomancer (GrEE)               Turns: 15001, Time: 00:35:29

Health: -1/114     AC: 19    Str: 14    XL:     13   Next: 49%
Magic:  29/33      EV: 16    Int: 19    God:    Vehumet [*****.]
Gold:   796        SH:  5    Dex: 10    Spells: 14/27 levels left

rFire   . . .        c - +5 morningstar (vamp)
rCold   . . .        M - +0 buckler
rNeg    + . .        G - +0 troll leather armour
rPois   ∞            P - +0 helmet
rElec   +            r - +1 cloak
rCorr   .            (no gloves)
SInv    .            w - +0 pair of boots
Will    .....        k - amulet of magic regeneration Stlth
                     v - +5 ring of evasion
HPRegen 1.19/turn    u - ring of magical power
MPRegen 0.63/turn

%: no passive effects
@: berserking, very slightly contaminated, very quick
A: sickness immunity, AC +9, negative energy resistance 1, electricity
resistance, torment resistance 1, petrification resistance
a: Renounce Religion


You were on level 14 of the Dungeon.
You worshipped Vehumet.
Vehumet was extremely pleased with you.
You visited 2 branches of the dungeon, and saw 15 of its levels.

You collected 1039 gold pieces.
You spent 243 gold pieces at shops.

Inventory:

Hand Weapons
 c - a +5 vampiric morningstar (weapon)
 B - a +5 flail
Missiles
 f - 3 throwing nets
Armour
 a - +0 swamp dragon scales
 r - a +1 cloak (worn)
 w - a +0 pair of boots (worn)
 D - a +1 pair of boots
 G - a +0 troll leather armour (worn)
 M - a +0 buckler (worn)
 P - a +0 helmet (worn)
 Q - the +3 leather armour of Agunelee {-Tele rElec Slay+3}
   (You bought it in a shop on level 2 of the Dungeon)

   Slay:      It affects your accuracy & damage with ranged weapons and melee
   (+3).
   rElec:     It insulates you from electricity.
   -Tele:     It prevents most forms of teleportation.
Magical Staves
 H - a staff of earth
Jewellery
 e - a ring of see invisible
 k - an amulet of magic regeneration (around neck)
 u - a ring of magical power (right hand)
 v - a +5 ring of evasion (left hand)
 F - a ring of ice
 J - a ring of willpower
 O - an amulet of the acrobat
Wands
 p - a wand of paralysis (6)
 E - a wand of digging (5)
 I - a wand of flame (26)
 K - a wand of roots (7)
 N - a wand of quicksilver (3)
Scrolls
 d - a scroll of butterflies
 m - 5 scrolls of identify
 o - a scroll of teleportation
 q - a scroll of silence
 t - 3 scrolls of enchant weapon
 x - a scroll of fog
 y - a scroll of magic mapping
 L - a scroll of enchant armour
 S - a scroll of poison
Potions
 b - a potion of magic
 g - a potion of cancellation
 h - 3 potions of mutation
 i - 2 potions of might
 j - 2 potions of ambrosia
 l - a potion of invisibility
 n - 7 potions of curing
 s - 4 potions of haste
 z - 2 potions of lignification
 C - 2 potions of resistance


   Skills:
 - Level 7.3 Fighting
 - Level 5.5 Maces & Flails
 - Level 5.6 Armour
 + Level 2.7 Dodging
 - Level 2.1 Stealth
 - Level 8.0 Shields
 + Level 7.7 Spellcasting
 + Level 10.3 Conjurations
 + Level 6.9 Necromancy
 - Level 6.8 Transmutations
 + Level 10.4 Earth Magic
 - Level 3.3 Evocations


You had 14 spell levels left.
You knew the following spells:

 Your Spells              Type           Power      Damage    Failure   Level
a - Sandblast             Erth           92%        2d19      1%          1
b - Stone Arrow           Conj/Erth      92%        3d12      1%          3
c - Irradiate             Conj/Tmut      19%        3d18      3%          5
d - Dispel Undead         Necr           33%        3d14      9%          4

Your spell library contained the following spells:

 Spells                   Type           Power      Damage    Failure   Level
 Plasma Beam              Fire/Air       3%         2x1d15    99%         6
 Kiss of Death            Conj/Necr      100%       2d13      1%          1
 Magic Dart               Conj           100%       1d8       1%          1
 Necrotise                Necr           100%       1d9       1%          1
 Passwall                 Tmut/Erth      33%        N/A       1%          2
 Searing Ray              Conj           92%        2d7       1%          2
 Fulminant Prism          Conj/Hex       13%        3d9       4%          4
 Petrify                  Tmut/Erth      40%        N/A       4%          4
 Apportation              Tloc           14%        N/A       14%         1
 Summon Small Mammal      Summ           28%        N/A       14%         1
 Confusing Touch          Hex            7%         N/A       41%         3
 Ozocubu's Armour         Ice            7%         N/A       41%         3
 Passage of Golubria      Tloc           7%         N/A       82%         4
 Lehudib's Crystal Spear  Conj/Erth      23%        10d6      96%         8
 Silence                  Hex/Air        3%         N/A       99%         5
 Ozocubu's Refrigeration  Ice            3%         4d8       100%        7
 Sublimation of Blood     Necr           Unusable   N/A       N/A         2

Dungeon Overview and Level Annotations

Branches:
Dungeon (14/15)            Temple (1/1) D:4            Lair (0/5) D:10
    Orc (0/2) D:11         Vaults (0/5) D:13

Altars:
Ashenzari
Cheibriados
Dithmenos
Elyvilon
Fedhas
Gozag
Hepliaklqana
Kikubaaqudgha
Makhleb
Nemelex Xobeh
Okawaru
Qazlal
Sif Muna
Trog
Uskayaw
Vehumet
Wu Jian
Xom
Yredelemnul
Zin
The Shining One

Shops:
D:2 *   D:5 =   D:7 *

Annotations:
D:3 1 runed translucent door
D:14 Louise
Temple 2 transporters


Innate Abilities, Weirdness & Mutations

You are immune to sickness and miasma.
Your stone body is resilient. (AC +9)
You are immune to poison.
You resist negative energy. (rN+)
You are resistant to electric shocks. (rElec)
You are resistant to unholy torment.
You are immune to petrification.


Message History

Confirm with . or Enter, or press ? or * to list all spells.
You erupt in a fountain of uncontrolled magic!
The tengu warrior is blasted with magical radiation!!
The tengu warrior is heavily wounded.
The tengu warrior twists and deforms.
The deep elf pyromancer is blasted with magical radiation!!
The deep elf pyromancer is almost dead.
The deep elf pyromancer twists and deforms.
The fire elemental is blasted with magical radiation!
The fire elemental is heavily damaged.
The tengu warrior is blasted with magical radiation!!
The tengu warrior is almost dead.
You are lightly contaminated with residual magic.
You are covered in liquid flames!
You are no longer on fire.
The fire elemental misses you.
The tengu warrior hits you with a +0 war axe.
The tengu warrior barely misses you. The tengu warrior claws you.
The deep elf pyromancer hits you with a +0 short sword.
The tengu warrior hits you with a +0 great sword!!
* * * LOW HITPOINT WARNING * * *
The tengu warrior pecks you but does no damage.
You block the tengu warrior's attack.
You puncture the deep elf pyromancer!
You feel better.
You kill the deep elf pyromancer!
Vehumet accepts your kill.
You feel your power returning.
The fire elemental disappears in a puff of smoke!
The tengu warrior closely misses you. The tengu warrior misses you.
The tengu warrior claws you.
* * * LOW HITPOINT WARNING * * *
The tengu warrior completely misses you.
The tengu warrior pecks you but does no damage.
The tengu warrior barely misses you.
Okay, then.
Okay, then.
A red film seems to cover your vision as you go berserk!
You feel yourself moving faster!
You feel mighty!
The tengu warrior hits you with a +0 war axe!
You die...

#.# ###.# #...#
###+###### ###.####
.(.......# #......#
.........###......#
.........#....(...#
......QQ.#.#......#
......)@<#.#......#
.......§.'.#.>....#
.........###......#
.........# #......#
########## ########


You could see 2 tengu warriors.

Vanquished Creatures
  A hydra (D:12)
  2 centaur warriors
  3 boulder beetles
  2 two-headed ogres
  Lodul (D:11)
  A wizard (D:13)
  11 ugly things
  A deep elf pyromancer (D:14)
  2 manticores (D:12)
  3 cyclopes
  A centaur zombie (D:14)
  A black mamba (shapeshifter) (D:12)
  A gargoyle (D:12)
  Maggie (D:8)
  An unseen horror (D:11)
  6 kobold demonologists
  5 yaktaurs (D:13)
  An efreet (D:13)
  4 tengu conjurers
  3 trolls
  3 slime creatures (D:13)
  2 shadows
  The ghost of chujev the Trooper, an amateur HOBr of Beogh (D:3)
  18 yaks
  2 wraiths
  A basilisk (D:9)
  Menkaure (D:6)
  6 vampire mosquitoes
  2 wargs (D:9)
  2 acid dragons
  2 water moccasins
  2 black bears
  2 sky beasts (D:8)
  6 orc warriors
  4 ice beasts
  8 centaurs
  7 ogres
  A phantom (D:6)
  Blork the orc (D:4)
  7 kobold brigands
  2 bullfrogs
  2 scorpions (D:6)
  A gnoll sergeant (D:8)
  8 wights
  12 killer bees
  10 howler monkeys
  4 hounds
  12 orc priests
  A jelly (D:6)
  3 iguanas
  9 orc wizards
  13 adders
  A river rat (D:3)
  A shadow imp (D:6)
  A white imp (D:6)
  3 ufetubi
  4 worms
  4 dart slugs
  49 orcs
  6 ball pythons
  5 bats
  5 endoplasms
  5 giant cockroaches
  5 hobgoblins
  10 jackals
  2 quokkas
  3 frilled lizards
  9 goblins
  42 kobolds
  2 rats
363 creatures vanquished.

Notes
Turn   | Place    | Note
-------+----------+-------------------------------------------
     0 | D:1      | Ijustatesigmund the Gargoyle Earth Elementalist began the
                  | quest for the Orb.
     0 | D:1      | Reached XP level 1. HP: 10/10 MP: 3/3
   207 | D:1      | Reached XP level 2. HP: 10/16 MP: 0/5
   417 | D:1      | Reached skill level 1 in Fighting
   893 | D:1      | Reached XP level 3. HP: 20/20 MP: 2/6
   897 | D:1      | Learned a level 3 spell: Stone Arrow
  1047 | D:1      | Found a faded altar of an unknown god.
  1471 | D:2      | Found Plog's Assorted Antiques.
  1633 | D:1      | Reached skill level 1 in Conjurations
  1636 | D:1      | Reached XP level 4. HP: 25/26 MP: 7/7
  1740 | D:2      | Bought a scroll labelled ZOUPAIGEMA for 27 gold pieces
  1740 | D:2      | Bought a scroll labelled KOQEES VIZIA for 27 gold pieces
  1763 | D:2      | Reached skill level 5 in Fighting
  1763 | D:2      | Reached skill level 5 in Spellcasting
  1763 | D:2      | Reached XP level 5. HP: 36/36 MP: 8/12
  2998 | D:3      | Found a runed translucent door.
  3127 | D:3      | Found a burning altar of Makhleb.
  3186 | D:3      | Reached XP level 6. HP: 41/41 MP: 14/14
  3286 | D:3      | Found a runed translucent door.
  3291 | D:3      | Noticed chujev's ghost (amateur HOBr)
  3448 | D:4      | Noticed Blork the orc
  3450 | D:4      | Noticed an ice beast
  3455 | D:4      | Killed Blork the orc
  3684 | D:4      | Killed an ice beast
  3685 | D:4      | Reached skill level 1 in Maces & Flails
  4000 | D:4      | Reached XP level 7. HP: 45/45 MP: 15/15
  4047 | D:4      | Found an opulent altar of Gozag.
  4093 | D:4      | Found a staircase to the Ecumenical Temple.
  4104 | Temple   | Entered the Ecumenical Temple
  4104 | Temple   | Found a transporter.
  4104 | Temple   | Found a transporter.
  4106 | Temple   | Found a transporter.
  4106 | Temple   | Found a transporter.
  4128 | Temple   | Became a worshipper of Vehumet
  4464 | D:5      | Entered Level 5 of the Dungeon
  4655 | D:5      | Found Nuawk's Jewellery Emporium.
  4762 | D:5      | Learned a level 5 spell: Irradiate
  4838 | D:5      | Identified the +2 leather armour of Jyvoppot {+Blink rC+}
  5058 | D:6      | Reached skill level 1 in Transmutations
  5241 | D:6      | Reached XP level 8. HP: 51/51 MP: 16/16
  5586 | D:6      | Reached * piety under Vehumet
  5586 | D:6      | Offered knowledge of Freeze by Vehumet.
  5724 | D:6      | Noticed Menkaure
  5726 | D:6      | Killed Menkaure
  6190 | D:7      | Reached XP level 9. HP: 55/55 MP: 10/17
  6243 | D:7      | Found a glowing golden altar of the Shining One.
  6253 | D:7      | Reached skill level 5 in Maces & Flails
  6472 | D:7      | Noticed a troll
  6478 | D:7      | Killed a troll
  6686 | D:7      | Found Axtarin's General Store.
  7122 | D:7      | Found a shimmering blue altar of Sif Muna.
  7176 | D:8      | Reached skill level 1 in Armour
  7414 | D:3      | Killed chujev's ghost
  7568 | D:8      | Found an ancient bone altar of Kikubaaqudgha.
  7595 | D:8      | Found a broken altar of Ashenzari.
  7730 | D:8      | Reached skill level 5 in Transmutations
  7752 | D:8      | Reached XP level 10. HP: 45/60 MP: 18/18
  7760 | D:8      | Offered knowledge of Momentum Strike by Vehumet.
  7785 | D:8      | Reached ** piety under Vehumet
  7966 | D:8      | Noticed Maggie
  7982 | D:8      | Killed Maggie
  7983 | D:8      | Reached skill level 5 in Armour
  8376 | D:8      | Found an iron altar of Okawaru.
  8629 | D:9      | Found a shadowy altar of Dithmenos.
  8764 | D:9      | Reached skill level 1 in Shields
  9035 | D:9      | Noticed a purple ugly thing
  9134 | D:9      | Found a glowing silver altar of Zin.
  9187 | D:9      | Found a snail-covered altar of Cheibriados.
  9228 | D:9      | Offered knowledge of Poisonous Vapours by Vehumet.
  9271 | D:9      | Reached *** piety under Vehumet
  9593 | D:10     | Entered Level 10 of the Dungeon
  9611 | D:9      | Offered knowledge of Ignite Poison by Vehumet.
  9733 | D:9      | Reached XP level 11. HP: 47/64 MP: 20/20
  9913 | D:10     | Found a staircase to the Lair.
 10136 | D:10     | Learned a level 4 spell: Dispel Undead
 10281 | D:10     | Found a bloodstained altar of Trog.
 10298 | D:10     | Reached **** piety under Vehumet
 10857 | D:2      | Bought a smoking leather armour for 189 gold pieces
 10857 | D:2      | Identified the +3 leather armour of Agunelee {-Tele rElec
                  | Slay+3} (You bought it in a shop on level 2 of the Dungeon)
 11020 | D:9      | Killed a purple ugly thing
 11021 | D:9      | Reached skill level 1 in Necromancy
 11113 | D:11     | Noticed a boulder beetle
 11129 | D:11     | Killed a boulder beetle
 11145 | D:11     | Offered knowledge of Fireball by Vehumet.
 11317 | D:11     | Noticed a brown ugly thing
 11332 | D:11     | Killed a red ugly thing
 11333 | D:11     | Reached skill level 5 in Shields
 11586 | D:11     | Found a staircase to the Orcish Mines.
 11669 | D:11     | Noticed a cyclops
 11670 | D:11     | Noticed a cyan ugly thing
 11686 | D:11     | Killed a cyan ugly thing
 11693 | D:11     | Killed a cyclops
 11980 | D:11     | Noticed Lodul
 12247 | D:11     | Found a broken altar of Ashenzari.
 12324 | D:11     | Killed Lodul
 12378 | D:11     | Reached ***** piety under Vehumet
 12379 | D:11     | Reached XP level 12. HP: 67/69 MP: 21/21
 12592 | D:12     | Offered knowledge of Plasma Beam by Vehumet.
 12598 | D:12     | Reached skill level 5 in Necromancy
 12627 | D:12     | Noticed a boulder beetle
 12632 | D:12     | Noticed a sun demon
 12710 | D:12     | Killed a boulder beetle
 12728 | D:12     | Noticed a seven-headed hydra
 12729 | D:12     | Noticed a two-headed ogre
 12748 | D:12     | Killed a seven-headed hydra
 12795 | D:12     | Killed a two-headed ogre
 12796 | D:12     | Reached skill level 1 in Evocations
 12862 | D:12     | Noticed a boulder beetle
 13112 | D:12     | Killed a boulder beetle
 13338 | D:12     | Found an ornate altar of the Wu Jian Council.
 13471 | D:13     | Noticed a centaur warrior
 13479 | D:13     | Killed a centaur warrior
 14123 | D:13     | Reached XP level 13. HP: 76/76 MP: 23/23
 14124 | D:13     | Found a gate to the Vaults.
 14636 | D:13     | Reached skill level 10 in Earth Magic
 14664 | D:13     | Reached skill level 10 in Conjurations
 14772 | D:14     | Noticed Louise
 15000 | D:14     | HP: 3/76 [tengu warrior/+0 war axe (5)]
 15001 | D:14     | Slain by a tengu warrior

Illustrated notes

Levels and vault maps discovered:
D:1:      dpeg_arrival_refuge, layout_basic, chequers_ecumenical_altar_twisty,
          minivault_23
D:2:      layout_loops_ring, serial_shops, nicolae_shop_overgrown_old_shop
D:3:      layout_basic, bloody_makhleb, ebering_ghost_sewer_f
D:4:      layout_loops_ring, mainiacjoe_overflow_brackets,
          minmay_temple_entry_purple_smoke, minmay_misc_feat_four_crosses,
          uniq_blork_the_orc
D:5:      layout_rooms, minmay_shop_enchanted_jewellery
D:6:      layout_gridville, uniq_menkaure
D:7:      layout_layer_cave, mainiacjoe_overflow_small_starburst,
          nicolae_overflow_hidden_temple, serial_shops, nicolae_shop_waterfront
D:8:      layout_basic, mainiacjoe_overflow_cross_hatched,
          mainiacjoe_overflow_paths, marbit_many_paths, minmay_quadrilaterals,
          uniq_maggie
D:9:      layout_irregular_city, zin_scriptorium, mainiacjoe_overflow_alcove_1,
          lemuel_doored_altar, chequers_arboretum
D:10:     layout_irregular_city, mainiacjoe_overflow_24_doors,
          erik_lair_orcish_takeover
D:11:     layout_rooms, hiddenorc2_lemuel, st_stairs_1, ashenzari_altar_1,
          uniq_lodul
D:12:     layout_rooms, pdpol_wu_jian_five_deadly_venoms
D:13:     layout_small_grid, david_vaults_1
D:14:     layout_roguey, serial_undead, serial_undead_d, serial_undead_c,
          serial_undead_b, serial_undead_e, infiniplex_staircase_spiral,
          uniq_louise
Temple:   hellmonk_temple_divided_pantheon

Skill      XL: |  1  2  3  4  5  6  7  8  9 10 11 12 13 |
---------------+----------------------------------------+-----
Fighting       | 1 5 7 |  7.3
Earth Magic    | 4 7 8 9 10 | 10.4
Conjurations   | 1 7 8 9 10 | 10.3
Spellcasting   | 5 6 7 |  7.7
Maces & Flails | 1 2 4 5 |  5.5
Transmutations | 2 3 5 6 |  6.8
Armour         | 3 5 |  5.6
Shields        | 2 7 8 |  8.0
Necromancy     | 4 6 |  6.9
Evocations     | 3 |  3.3
Dodging        | 2 |  2.7
Stealth        | |  2.1

Action                     |  1- 3 |  4- 6 |  7- 9 | 10-12 | 13-15 || total
---------------------------+-------+-------+-------+-------+-------++-------
  Melee: Unarmed           |    24 |       |       |       |       ||    24
         Hand axe          |     5 |     5 |       |       |       ||    10
         Flail             |       |    12 |       |       |       ||    12
         Mace              |       |     6 |       |       |       ||     6
         Morningstar       |       |       |    50 |   572 |   136 ||   758
         Punch             |       |       |     2 |     1 |       ||     3
   Cast: Sandblast         |    42 |    28 |       |     1 |       ||    71
         Stone Arrow       |       |    28 |   112 |   114 |     4 ||   258
         Irradiate         |       |       |       |    31 |     9 ||    40
         Dispel Undead     |       |       |       |       |     2 ||     2
  Evoke: Wand              |       |       |       |     9 |       ||     9
    Use: Scroll            |       |     7 |     6 |    15 |     5 ||    33
         Potion            |       |     1 |       |     4 |     3 ||     8
   Stab: Distracted        |       |       |       |     1 |       ||     1
 Armour: Robe              |    24 |    27 |     1 |       |       ||    52
         Troll leather arm |       |       |    21 |   280 |    92 ||   393
  Dodge: Dodged            |    36 |    48 |    70 |   555 |   147 ||   856
  Block: Buckler           |       |       |       |   146 |    54 ||   200
